AoeStats
← Sandeep_D_Cranky

Black Forest

509559871Analyzed
4v4 RM · 6d ago on Sep 27, 2026· 35m 2s· 8 players
Game mode
Random Map
Map size
Large (8 player)
Population
200
Speed
Normal
Resources
Standard
Victory
Conquest
Starting age
Dark Age
Ending age
Imperial Age
RankedLock teamsTeams togetherTeam positionsShared explorationLock speedFull tech treeHidden civsTurbo modeCheats
Victory
Defeat
🇨🇳 Cumans · China
1251
+17
🇦🇺 Gurjaras · Australia
1239
+18
🇧🇷 Maya · Brazil
1230
+18
🇨🇳 Shu · China
1224
+18
🇮🇳 Aztecs · India
1351
-20
🇬🇧 Franks · United Kingdom
1305
-19
🇮🇳 Jurchens · India
1266
-17
🇮🇳 Burgundians · India
1195
-15
altrnate15
10:33 Feudal Age
11:01 Double-Bit Axe
11:18 Fishing Lines
21:02 Castle Age
22:10 Bow Saw
22:26 Gillnets
22:46 Gold Mining
24:15 Stone Mining
26:13 Coinage
27:06 Gold Shaft Mining
27:15 Fortified Wall
29:38 Imperial Age
28:01 Scale Barding Armor
28:06 Forging
28:01 Loom
28:51 Wheelbarrow
29:05 Chain Barding Armor
29:17 Bloodlines
30:22 Kshatriyas
31:02 Iron Casting
30:55 Heavy Camel Rider
32:11 Plate Barding Armor
32:12 Frontier Guards
32:13 Conscription
32:40 Stone Shaft Mining
32:39 Husbandry
35:22 Banking
TwT
0:39 Loom
12:49 Feudal Age
16:25 Castle Age
22:54 Imperial Age
20:33 Double-Bit Axe
22:54 Bow Saw
28:27 Fishing Lines
32:35 Gillnets
32:25 Pikeman
33:05 Squires
34:09 Crossbowman
34:54 Thumb Ring
34:43 Fletching
34:54 Padded Archer Armor
۞_KDZ_۞
0:30 Loom
12:06 Feudal Age
12:47 Double-Bit Axe
18:35 Wheelbarrow
20:28 Castle Age
19:52 Gold Mining
19:46 Horse Collar
22:30 Stone Mining
24:17 Caravan
25:24 Fletching
25:52 Eagle Warrior
27:00 Bodkin Arrow
XY
0:47 Loom
6:41 Loom
10:21 Feudal Age
11:18 Double-Bit Axe
13:22 Horse Collar
21:51 Castle Age
20:03 Gold Mining
20:28 Scale Barding Armor
20:33 Forging
21:04 Forging
22:35 Bloodlines
23:09 Chain Barding Armor
24:03 Iron Casting
23:58 Heavy Plow
25:12 Bow Saw
27:44 Wheelbarrow
30:12 Gold Shaft Mining
33:38 Hand Cart
Mikey
2:41 Loom
11:26 Feudal Age
16:02 Castle Age
13:52 Double-Bit Axe
15:09 Horse Collar
17:54 Scale Barding Armor
18:09 Bow Saw
18:25 Heavy Plow
19:46 Chain Barding Armor
19:55 Forging
21:20 Husbandry
22:05 Bloodlines
23:26 Iron Casting
Soul Ledger
0:37 Loom
15:46 Feudal Age
20:04 Castle Age
17:51 Fishing Lines
18:30 Double-Bit Axe
20:37 Gillnets
22:59 Wheelbarrow
26:54 Husbandry
GAF
12:31 Feudal Age
14:06 Double-Bit Axe
16:30 Castle Age
14:12 Horse Collar
15:06 Bow Saw
21:14 Imperial Age
23:08 Chemistry
22:10 Padded Archer Armor
28:22 Leather Archer Armor
Sandeep_D_Cranky
11:15 Feudal Age
16:52 Castle Age
15:04 Horse Collar
15:34 Double-Bit Axe
18:41 Heavy Plow
25:59 Stone Mining
27:10 Bow Saw
26:52 Gold Mining
27:56 Wheelbarrow
28:41 Gold Shaft Mining
28:42 Stone Shaft Mining
28:42 Gold Shaft Mining
28:46 Stone Shaft Mining
29:15 Scale Mail Armor
30:20 Chain Mail Armor
30:58 Forging
33:27 Town Watch
Connection lost

Rejoining the realm…

Still unreachable

The connection could not be restored.

Session expired

The server has moved on; the page needs a fresh start.